 Dungeon Crawl Stone Soup version 0.22-a0-782-g038298e (webtiles) character file.

895 Amnesiac the Digger (level 7, -3/46 HPs)
             Began as a Mummy Earth Elementalist on July 19, 2018.
             Slain by a scorpion (6 damage)
             ... on level 5 of the Dungeon.
             The game lasted 00:09:49 (5181 turns).

Amnesiac the Digger (Mummy Earth Elementalist)      Turns: 5181, Time: 00:09:50

Health: -3/46      AC:  4    Str: 12    XL:     7   Next: 78%
Magic:  15/16      EV: 12    Int: 16    God:
Gold:   71         SH:  0    Dex: 12    Spells: 4/19 levels left

rFire    x . .     SeeInvis .   p - +2 halberd (vamp)
rCold    + . .     Gourm    .   (shield currently unavailable)
rNeg     + + +     Faith    .   c - +0 robe
rPois    ∞         Spirit   .   (no helmet)
rElec    .         Reflect  .   m - +1 cloak
rCorr    .         Harm     .   (no gloves)
MR       .....                  (no boots)
Stlth    ++........             (no amulet)
HPRegen  0.15/turn              (no ring)
MPRegen  0.15/turn              (no ring)

@: no status effects
A: no food or potions, fire vulnerability, cold resistance 1, negative energy
resistance 3, torment resistance, unbreathing
a: no special abilities


You were on level 5 of the Dungeon.
You were not hungry.

You visited 1 branch of the dungeon, and saw 5 of its levels.

You collected 71 gold pieces.

Inventory:

Hand Weapons
 n - a +2 quarterstaff of chaos
 p - a +2 vampiric halberd (weapon)
Missiles
 b - 34 stones (quivered)
Armour
 c - a +0 robe (worn)
 m - a +1 cloak (worn)
Jewellery
 o - an uncursed ring of ice
Wands
 a - a wand of random effects (38)
 j - a wand of flame (44)
 l - a wand of digging (9)
Scrolls
 d - a scroll of teleportation {!r}
 e - a scroll of identify {!r}
 f - a scroll of noise {!r}
 k - a scroll of remove curse {!r}


   Skills:
 - Level 1.5 Dodging
 - Level 1.5 Stealth
 + Level 6.6 Spellcasting
 - Level 0.7 Transmutations
 * Level 6.6 Earth Magic


You had 4 spell levels left.
You knew the following spells:

 Your Spells              Type           Power        Failure   Level  Hunger
a - Sandblast             Erth           ####..       1%          1    N/A
b - Passwall              Tmut/Erth      ###.....     4%          2    N/A
c - Stone Arrow           Conj/Erth      ###...       10%         3    N/A
d - Lee's Rapid Deconstr  Erth           ####......   24%         5    N/A
e - Petrify               Tmut/Erth      ###.....     28%         4    N/A

Your spell library contained the following spells:

 Spells                   Type           Power        Failure   Level  Hunger


Dungeon Overview and Level Annotations

Branches:
Dungeon (5/15)
 Temple: D:4-7

Altars:
Cheibriados
Elyvilon
Gozag
Nemelex Xobeh
Wu Jian

Annotations:
D:1 stuff behind fire


Innate Abilities, Weirdness & Mutations

You do not eat or drink.
Your flesh is vulnerable to fire.
You are immune to poison.
Your flesh is cold resistant. (rC+)
You are immune to negative energy. (rN+++)
You are immune to unholy pain and torment.
You can survive without breathing.


Message History

The shadow imp grinds its teeth.
The shadow imp closely misses you.
You closely miss the shadow imp.
The worker ant twitches its antennae in your direction.
A worker ant comes into view.
The shadow imp completely misses you. The shadow imp closely misses you.
You barely miss the shadow imp.
The worker ant twitches its antennae in your direction.
The shadow imp barely misses you. The worker ant misses you.
A scorpion comes into view.
The scorpion stings you!
There is an open door here.
You puncture the scorpion!
You feel better.
The scorpion is moderately wounded.
The worker ant bites you but does no damage.
The shadow imp barely misses you. The scorpion stings you!
The worker ant bites you but does no damage.
The shadow imp misses you.
You hit the scorpion.
You feel better.
The scorpion is heavily wounded.
The scorpion stings you. The worker ant closely misses you.
You hear a distant slurping noise.
The worker ant completely misses you. The shadow imp closely misses you.
The scorpion closely misses you. The worker ant bites you.
The scorpion misses you. The scorpion completely misses you.
The scorpion closely misses you.
There is an open door here.
You hit the scorpion but do no damage.
The scorpion is heavily wounded.
The scorpion stings you! The scorpion stings you.
* * * LOW HITPOINT WARNING * * *
You closely miss the scorpion.
The scorpion is heavily wounded.
The scorpion barely misses you.
You hit the scorpion.
You feel better.
The scorpion is heavily wounded.
The scorpion barely misses you. The scorpion closely misses you.
You slash the scorpion!
The scorpion is almost dead.
The worker ant waves its antennae.
The scorpion stings you.
* * * LOW HITPOINT WARNING * * *
You barely miss the scorpion.
The scorpion is almost dead.
The scorpion stings you.
* * * LOW HITPOINT WARNING * * *
The scorpion stings you.
* * * LOW HITPOINT WARNING * * *
You closely miss the scorpion.
The scorpion is almost dead.
The shadow imp shouts, "Taste defeat, thou worthless half-faced coxcomb!"
The scorpion stings you!
* * * LOW HITPOINT WARNING * * *
Casting: Sandblast (safe; 1% risk of failure)
Confirm with . or Enter, or press ? or * to list all spells.
Aiming: Sandblast (safe; 1% risk of failure)
Press: ? - help, Shift-Dir - straight line, f/p - shadow imp
Aim: a shadow imp The blast of sand hits the scorpion.
The scorpion is almost dead.
b - 34 stones The scorpion stings you.
You die...

#....... ###......
#.......#
#.......#
#.......#
#.......# ..
#.......# ...
.....#'########...
.... #.5as@.......
.. #..a#........
#...#........
#...#........
#...#........
#..#######... #..#
... ..[. .. ....


You could see a scorpion, 2 worker ants and a shadow imp.

Vanquished Creatures
  2 ogres (D:4)
  Blork the orc (D:4)
  A scorpion (D:4)
  A crimson imp (D:4)
  A centaur skeleton (D:3)
  A hound (D:4)
  3 orc priests (D:4)
  4 orc wizards
  Crazy Yiuf (D:3)
  Ijyb (D:4)
  5 adders
  7 gnolls
  An ooze (D:1)
  3 worms
  2 dart slugs
  5 leopard geckos
  16 orcs
  3 ball pythons
  6 bats
  4 giant cockroaches
  11 goblins
  6 hobgoblins
  10 jackals
  A quokka (D:4)
  7 frilled lizards
  7 kobolds
  A quokka skeleton (D:4)
  6 rats
  A fungus (D:3)
118 creatures vanquished.

Vanquished Creatures (others)
  A dart slug (D:1)
  A frilled lizard (D:1)
2 creatures vanquished.

Grand Total: 120 creatures vanquished

Notes
Turn   | Place    | Note
-------+----------+-------------------------------------------
     0 | D:1      | Amnesiac the Mummy Earth Elementalist began the quest for the Orb.
     0 | D:1      | Reached XP level 1. HP: 13/13 MP: 4/4
     6 | D:1      | Noticed a salamander
     6 | D:1      | Noticed a swamp worm
     6 | D:1      | Noticed a redback
     6 | D:1      | Noticed a wyvern
   274 | D:1      | Reached XP level 2. HP: 19/19 MP: 2/5
   769 | D:1      | Reached XP level 3. HP: 19/24 MP: 4/7
  1401 | D:2      | Reached XP level 4. HP: 18/30 MP: 6/9
  2284 | D:2      | Found an opulent altar of Gozag.
  2285 | D:2      | Found a white marble altar of Elyvilon.
  2286 | D:2      | Found a sparkling altar of Nemelex Xobeh.
  2286 | D:2      | Found an ornate altar of the Wu Jian Council.
  2311 | D:2      | Reached XP level 5. HP: 33/35 MP: 11/11
  3214 | D:3      | Reached XP level 6. HP: 41/41 MP: 10/13
  3218 | D:3      | Learned a level 2 spell: Passwall
  3253 | D:3      | Learned a level 4 spell: Petrify
  3259 | D:3      | Learned a level 5 spell: Lee's Rapid Deconstruction
  3490 | D:3      | Found a runed door.
  3494 | D:3      | Noticed Crazy Yiuf
  3498 | D:3      | Killed Crazy Yiuf
  3498 | D:3      | Reached skill level 5 in Spellcasting
  3498 | D:3      | Reached skill level 5 in Earth Magic
  3510 | D:3      | Learned a level 3 spell: Stone Arrow
  3737 | D:4      | Noticed Blork the orc
  3751 | D:4      | Killed Blork the orc
  3751 | D:4      | Reached XP level 7. HP: 18/46 MP: 5/15
  4179 | D:4      | Noticed Ijyb
  4188 | D:4      | Killed Ijyb
  4284 | D:4      | Found a snail-covered altar of Cheibriados.
  5151 | D:5      | Entered Level 5 of the Dungeon
  5181 | D:5      | Slain by a scorpion

Vault maps used:
D:1:      onia_arrival_zoo_common, lemuel_flame_loot_1
D:2:      chequers_temple_overflow_statue_of_worship
D:3:      first_ration, uniq_crazy_yiuf_cottage
D:4:      kennysheep_slug_shrine, uniq_blork_the_orc, uniq_ijyb
D:5:      kennysheep_six_static_rooms, overflow_temple_1_default,
          minmay_temple_entry_butterflies, uniq_edmund

Skill      XL: |  1  2  3  4  5  6  7 |
---------------+----------------------+-----
Spellcasting   | 3 4 5 6 |  6.6
Earth Magic    | 3 4 5 6 |  6.6
Dodging        | |  1.5
Stealth        | |  1.5
Transmutations | |  0.7

Action                   |  1- 3 |  4- 6 |  7- 9 || total
-------------------------+-------+-------+-------++-------
Melee: Unarmed           |    11 |       |       ||    11
       Dagger            |    30 |    15 |       ||    45
       Quarterstaff      |       |    83 |       ||    83
       Halberd           |       |       |    44 ||    44
 Cast: Sandblast         |    49 |    89 |    21 ||   159
       Petrify           |       |       |     2 ||     2
  Use: Scroll            |       |       |     8 ||     8
 Stab: Sleeping          |       |       |     5 ||     5
       Petrified         |       |       |     4 ||     4
Armor: Robe              |    22 |    31 |     8 ||    61
Dodge: Dodged            |    49 |    97 |    44 ||   190

Table legend:
 A = Spawn XP
 B = Non-spawn XP
 C = Spawn XP percentage of total XP
 D = Spawn monster count
 E = Non-spawn monster count
 F = Spawn count percentage of total count
 G = Total turns spent on level
                    A         B        C        D         E        F      G
               +---------+---------+-------+---------+---------+-------+---------
         Total |       0 |    1279 |   0.0 |       0 |     117 |   0.0 |  5181
               +---------+---------+-------+---------+---------+-------+---------
           D:1 |       0 |      70 |   0.0 |       0 |      28 |   0.0 |  1550
           D:2 |       0 |     145 |   0.0 |       0 |      39 |   0.0 |  1154
           D:3 |       0 |     270 |   0.0 |       0 |      24 |   0.0 |   941
           D:4 |       0 |     794 |   0.0 |       0 |      26 |   0.0 |  1506
               +---------+---------+-------+---------+---------+-------+---------
